Workbook

Sheet Conjunto de datos
A1: Cuenta | B1: Categoria | C1: Descripcion | D1: Asignado | E1: Modificado | F1: Codificado | G1: Monto certificado | H1: Comprometido | I1: Devengado | J1: Pagado | K1: Saldo por comprometer | L1: Saldo por devengar | M1: Saldo por pagar | N1: Porcentaje de ejecucion
A2: 510105 | B2: GASTOS EN PERSONAL | C2: =VLOOKUP(A2,Cat!$C:$D,2,FALSE) -> Remuneraciones Unificadas | D2: 1685889.9 | E2: -103797.94 | F2: 1582092 | G2: 1119095.3 | H2: 1119095.3 | I2: 1119095.3 | J2: 1093942.3 | K2: =+F2-H2 -> 462996.66 | L2: =+F2-H2 -> 462996.66 | M2: =+I2-J2 -> 25153.01 | N2: =+I2/F2 -> 0.70735161
A3: 510203 | B3: GASTOS EN PERSONAL | C3: =VLOOKUP(A3,Cat!$C:$D,2,FALSE) -> Decimo Tercer Sueldo | D3: 143533.25 | E3: 1.4551915e-11 | F3: 143533.25 | G3: 93471.78 | H3: 93471.78 | I3: 93471.78 | J3: 31278.78 | K3: =+F3-H3 -> 50061.47 | L3: =+F3-H3 -> 50061.47 | M3: =+I3-J3 -> 62193 | N3: =+I3/F3 -> 0.6512204
A4: 510204 | B4: GASTOS EN PERSONAL | C4: =VLOOKUP(A4,Cat!$C:$D,2,FALSE) -> Decimo Cuarto Sueldo | D4: 46469.11 | E4: 0 | F4: 46469.11 | G4: 28348.87 | H4: 28346.79 | I4: 28346.79 | J4: 22530.64 | K4: =+F4-H4 -> 18122.32 | L4: =+F4-H4 -> 18122.32 | M4: =+I4-J4 -> 5816.15 | N4: =+I4/F4 -> 0.61001362
A5: 510509 | B5: GASTOS EN PERSONAL | C5: =VLOOKUP(A5,Cat!$C:$D,2,FALSE) -> Horas Extraordinarias y Suplementarias | D5: 2171.87 | E5: 4000 | F5: 6171.87 | G5: 2508.26 | H5: 2508.26 | I5: 2508.26 | J5: 2508.26 | K5: =+F5-H5 -> 3663.61 | L5: =+F5-H5 -> 3663.61 | M5: =+I5-J5 -> 0 | N5: =+I5/F5 -> 0.40640195
A6: 510512 | B6: GASTOS EN PERSONAL | C6: =VLOOKUP(A6,Cat!$C:$D,2,FALSE) -> Subrogacion | D6: 30365.17 | E6: 37326.09 | F6: 67691.26 | G6: 40836.77 | H6: 40836.77 | I6: 40836.77 | J6: 40836.77 | K6: =+F6-H6 -> 26854.49 | L6: =+F6-H6 -> 26854.49 | M6: =+I6-J6 -> 0 | N6: =+I6/F6 -> 0.6032798
A7: 510513 | B7: GASTOS EN PERSONAL | C7: =VLOOKUP(A7,Cat!$C:$D,2,FALSE) -> Encargos | D7: 15533.88 | E7: 47471.85 | F7: 63005.73 | G7: 41740.38 | H7: 41740.38 | I7: 41740.38 | J7: 41740.38 | K7: =+F7-H7 -> 21265.35 | L7: =+F7-H7 -> 21265.35 | M7: =+I7-J7 -> 0 | N7: =+I7/F7 -> 0.66248546
A8: 510601 | B8: GASTOS EN PERSONAL | C8: =VLOOKUP(A8,Cat!$C:$D,2,FALSE) -> Aporte Patronal | D8: 168072.55 | E8: 1.4551915e-11 | F8: 168072.55 | G8: 116534.57 | H8: 116534.57 | I8: 116534.57 | J8: 105935.56 | K8: =+F8-H8 -> 51537.98 | L8: =+F8-H8 -> 51537.98 | M8: =+I8-J8 -> 10599.01 | N8: =+I8/F8 -> 0.69335873
A9: 510602 | B9: GASTOS EN PERSONAL | C9: =VLOOKUP(A9,Cat!$C:$D,2,FALSE) -> Fondo de Reserva | D9: 82006.91 | E9: 15000 | F9: 97006.91 | G9: 43813.95 | H9: 43813.95 | I9: 43813.95 | J9: 43813.95 | K9: =+F9-H9 -> 53192.96 | L9: =+F9-H9 -> 53192.96 | M9: =+I9-J9 -> 0 | N9: =+I9/F9 -> 0.45165803
A10: 510703 | B10: GASTOS EN PERSONAL | C10: =VLOOKUP(A10,Cat!$C:$D,2,FALSE) -> Despido Intempestivo | D10: 37904 | E10: 0 | F10: 37904 | G10: 0 | H10: 0 | I10: 0 | J10: 0 | K10: =+F10-H10 -> 37904 | L10: =+F10-H10 -> 37904 | M10: =+I10-J10 -> 0 | N10: =+I10/F10 -> 0
A11: 510704 | B11: GASTOS EN PERSONAL | C11: =VLOOKUP(A11,Cat!$C:$D,2,FALSE) -> Compensacion por Desahucio | D11: 7497 | E11: 0 | F11: 7497 | G11: 0 | H11: 0 | I11: 0 | J11: 0 | K11: =+F11-H11 -> 7497 | L11: =+F11-H11 -> 7497 | M11: =+I11-J11 -> 0 | N11: =+I11/F11 -> 0
A12: 510707 | B12: GASTOS EN PERSONAL | C12: =VLOOKUP(A12,Cat!$C:$D,2,FALSE) -> Compensacion por Vacaciones no Gozadas por Cesacion de Funciones | D12: 98604.99 | E12: 0 | F12: 98604.99 | G12: 29346.4 | H12: 29346.4 | I12: 28256.88 | J12: 28256.88 | K12: =+F12-H12 -> 69258.59 | L12: =+F12-H12 -> 69258.59 | M12: =+I12-J12 -> 0 | N12: =+I12/F12 -> 0.28656643
A13: 530101 | B13: BIENES Y SERVICIOS DE CONSUMO | C13: =VLOOKUP(A13,Cat!$C:$D,2,FALSE) -> Agua Potable | D13: 850 | E13: -600 | F13: 250 | G13: 0 | H13: 0 | I13: 0 | J13: 0 | K13: =+F13-H13 -> 250 | L13: =+F13-H13 -> 250 | M13: =+I13-J13 -> 0 | N13: =+I13/F13 -> 0
... A24: 530246 | B24: BIENES Y SERVICIOS DE CONSUMO | C24: =VLOOKUP(A24,Cat!$C:$D,2,FALSE) -> Servicios de Identificacion- Marcacion- Autentificacion- Rastreo- Monitoreo- Seguimiento y-o Trazabilidad | D24: 414 | E24: 0 | F24: 414 | G24: 414 | H24: 414 | I24: 414 | J24: 414 | K24: =+F24-H24 -> 0 | L24: =+F24-H24 -> 0 | M24: =+I24-J24 -> 0 | N24: =+I24/F24 -> 1
A25: 530301 | B25: BIENES Y SERVICIOS DE CONSUMO | C25: =VLOOKUP(A25,Cat!$C:$D,2,FALSE) -> Pasajes al Interior | D25: 63939.55 | E25: -25609.86 | F25: 38329.69 | G25: 37213.87 | H25: 26277.93 | I25: 15502.11 | J25: 15413.96 | K25: =+F25-H25 -> 12051.76 | L25: =+F25-H25 -> 12051.76 | M25: =+I25-J25 -> 88.15 | N25: 0
A26: 530303 | B26: BIENES Y SERVICIOS DE CONSUMO | C26: =VLOOKUP(A26,Cat!$C:$D,2,FALSE) -> Viaticos y Subsistencias en el Interior | D26: 46000 | E26: -4330 | F26: 41670 | G26: 41670 | H26: 15669 | I26: 15539 | J26: 15539 | K26: =+F26-H26 -> 26001 | L26: =+F26-H26 -> 26001 | M26: =+I26-J26 -> 0 | N26: =+I26/F26 -> 0.37290617
A27: 530306 | B27: BIENES Y SERVICIOS DE CONSUMO | C27: =VLOOKUP(A27,Cat!$C:$D,2,FALSE) -> Viaticos por Gastos de Residencia | D27: 9072.48 | E27: 0 | F27: 9072.48 | G27: 9072.48 | H27: 6372 | I27: 6372 | J27: 6372 | K27: =+F27-H27 -> 2700.48 | L27: =+F27-H27 -> 2700.48 | M27: =+I27-J27 -> 0 | N27: =+I27/F27 -> 0.70234379
A28: 530401 | B28: BIENES Y SERVICIOS DE CONSUMO | C28: =VLOOKUP(A28,Cat!$C:$D,2,FALSE) -> Terrenos (Mantenimiento) | D28: 65611.9 | E28: 69435.78 | F28: 135047.68 | G28: 119351.83 | H28: 113170.15 | I28: 113169.89 | J28: 113169.89 | K28: =+F28-H28 -> 21877.53 | L28: =+F28-H28 -> 21877.53 | M28: =+I28-J28 -> 0 | N28: =+I28/F28 -> 0.83799951
A29: 530402 | B29: BIENES Y SERVICIOS DE CONSUMO | C29: =VLOOKUP(A29,Cat!$C:$D,2,FALSE) -> Edificios- Locales- Residencias y Cableado Estructurado (Instalacion - Mantenimiento y Reparacion) | D29: 55515.32 | E29: 531636.51 | F29: 587151.83 | G29: 0 | H29: 0 | I29: 0 | J29: 0 | K29: =+F29-H29 -> 587151.83 | L29: =+F29-H29 -> 587151.83 | M29: =+I29-J29 -> 0 | N29: =+I29/F29 -> 0
A30: 530403 | B30: BIENES Y SERVICIOS DE CONSUMO | C30: =VLOOKUP(A30,Cat!$C:$D,2,FALSE) -> Mobiliarios (Instalacion- Mantenimiento y Reparacion) | D30: 5131 | E30: -5131 | F30: 0 | G30: 0 | H30: 0 | I30: 0 | J30: 0 | K30: =+F30-H30 -> 0 | L30: =+F30-H30 -> 0 | M30: =+I30-J30 -> 0 | N30: 0
A31: 530404 | B31: BIENES Y SERVICIOS DE CONSUMO | C31: =VLOOKUP(A31,Cat!$C:$D,2,FALSE) -> Maquinarias y Equipos (Instalacion- Mantenimiento y Reparacion) | D31: 45 | E31: -45 | F31: 0 | G31: 0 | H31: 0 | I31: 0 | J31: 0 | K31: =+F31-H31 -> 0 | L31: =+F31-H31 -> 0 | M31: =+I31-J31 -> 0 | N31: 0
A32: 530405 | B32: BIENES Y SERVICIOS DE CONSUMO | C32: =VLOOKUP(A32,Cat!$C:$D,2,FALSE) -> Vehiculos (Servicio para Mantenimiento y Reparacion) | D32: 46636.43 | E32: -16263.25 | F32: 30373.18 | G32: 30353.18 | H32: 28509.15 | I32: 13188 | J32: 13023.96 | K32: =+F32-H32 -> 1864.03 | L32: =+F32-H32 -> 1864.03 | M32: =+I32-J32 -> 164.04 | N32: =+I32/F32 -> 0.43419886
A33: 530417 | B33: BIENES Y SERVICIOS DE CONSUMO | C33: =VLOOKUP(A33,Cat!$C:$D,2,FALSE) -> Infraestructura | D33: 13012.36 | E33: -13012.36 | F33: 0 | G33: 0 | H33: 0 | I33: 0 | J33: 0 | K33: =+F33-H33 -> 0 | L33: =+F33-H33 -> 0 | M33: =+I33-J33 -> 0 | N33: 0
A34: 530502 | B34: BIENES Y SERVICIOS DE CONSUMO | C34: =VLOOKUP(A34,Cat!$C:$D,2,FALSE) -> Edificios- Locales y Residencias- Parqueaderos- Casilleros Judiciales y Bancarios (Arrendamiento) | D34: 125309.57 | E34: 151851.55 | F34: 277161.12 | G34: 0 | H34: 0 | I34: 0 | J34: 0 | K34: =+F34-H34 -> 277161.12 | L34: =+F34-H34 -> 277161.12 | M34: =+I34-J34 -> 0 | N34: =+I34/F34 -> 0
A35: 530602 | B35: BIENES Y SERVICIOS DE CONSUMO | C35: =VLOOKUP(A35,Cat!$C:$D,2,FALSE) -> Servicio de Auditoria | D35: 12300 | E35: -5032.69 | F35: 7267.31 | G35: 4900 | H35: 0 | I35: 0 | J35: 0 | K35: =+F35-H35 -> 7267.31 | L35: =+F35-H35 -> 7267.31 | M35: =+I35-J35 -> 0 | N35: =+I35/F35 -> 0
A36: 530701 | B36: BIENES Y SERVICIOS DE CONSUMO | C36: =VLOOKUP(A36,Cat!$C:$D,2,FALSE) -> Desarrollo- Actualizacion- Asistencia Tecnica y Soporte de Sistemas Informaticos | D36: 60395 | E36: 36817.32 | F36: 97212.32 | G36: 70905.92 | H36: 70905.92 | I36: 8632.8 | J36: 8615.07 | K36: =+F36-H36 -> 26306.4 | L36: =+F36-H36 -> 26306.4 | M36: =+I36-J36 -> 17.73 | N36: =+I36/F36 -> 0.088803559
A37: 530702 | B37: BIENES Y SERVICIOS DE CONSUMO | C37: =VLOOKUP(A37,Cat!$C:$D,2,FALSE) -> Arrendamiento y Licencias de Uso de Paquetes Informaticos | D37: 193699.16 | E37: -39561.37 | F37: 154137.79 | G37: 123069.87 | H37: 122925.92 | I37: 70624.44 | J37: 70440.33 | K37: =+F37-H37 -> 31211.87 | L37: =+F37-H37 -> 31211.87 | M37: =+I37-J37 -> 184.11 | N37: =+I37/F37 -> 0.4581903
A38: 530703 | B38: BIENES Y SERVICIOS DE CONSUMO | C38: =VLOOKUP(A38,Cat!$C:$D,2,FALSE) -> Arrendamiento de Equipos Informaticos | D38: 42505.84 | E38: 19050 | F38: 61555.84 | G38: 29699.26 | H38: 28512.38 | I38: 13854.49 | J38: 10012.57 | K38: =+F38-H38 -> 33043.46 | L38: =+F38-H38 -> 33043.46 | M38: =+I38-J38 -> 3841.92 | N38: =+I38/F38 -> 0.2250719
A39: 530704 | B39: BIENES Y SERVICIOS DE CONSUMO | C39: =VLOOKUP(A39,Cat!$C:$D,2,FALSE) -> Mantenimiento y Reparacion de Equipos y Sistemas Informaticos | D39: 23000 | E39: -13777.6 | F39: 9222.4 | G39: 0 | H39: 0 | I39: 0 | J39: 0 | K39: =+F39-H39 -> 9222.4 | L39: =+F39-H39 -> 9222.4 | M39: =+I39-J39 -> 0 | N39: =+I39/F39 -> 0
A40: 530801 | B40: BIENES Y SERVICIOS DE CONSUMO | C40: =VLOOKUP(A40,Cat!$C:$D,2,FALSE) -> Alimentos y Bebidas | D40: 449.46 | E40: -349.46 | F40: 100 | G40: 0 | H40: 0 | I40: 0 | J40: 0 | K40: =+F40-H40 -> 100 | L40: =+F40-H40 -> 100 | M40: =+I40-J40 -> 0 | N40: 0
A41: 530803 | B41: BIENES Y SERVICIOS DE CONSUMO | C41: =VLOOKUP(A41,Cat!$C:$D,2,FALSE) -> Lubricantes | D41: 12440.04 | E41: 1647.58 | F41: 14087.62 | G41: 13937.62 | H41: 12116.74 | I41: 8916.49 | J41: 8898.12 | K41: =+F41-H41 -> 1970.88 | L41: =+F41-H41 -> 1970.88 | M41: =+I41-J41 -> 18.37 | N41: 0
A42: 530804 | B42: BIENES Y SERVICIOS DE CONSUMO | C42: =VLOOKUP(A42,Cat!$C:$D,2,FALSE) -> Materiales de Oficina | D42: 9173.25 | E42: -188.25 | F42: 8985 | G42: 5594.15 | H42: 2574.87 | I42: 2574.87 | J42: 2560.38 | K42: =+F42-H42 -> 6410.13 | L42: =+F42-H42 -> 6410.13 | M42: =+I42-J42 -> 14.49 | N42: 0
A43: 530805 | B43: BIENES Y SERVICIOS DE CONSUMO | C43: =VLOOKUP(A43,Cat!$C:$D,2,FALSE) -> Materiales de Aseo | D43: 390.41 | E43: -100 | F43: 290.41 | G43: 0 | H43: 0 | I43: 0 | J43: 0 | K43: =+F43-H43 -> 290.41 | L43: =+F43-H43 -> 290.41 | M43: =+I43-J43 -> 0 | N43: =+I43/F43 -> 0
A44: 530807 | B44: BIENES Y SERVICIOS DE CONSUMO | C44: =VLOOKUP(A44,Cat!$C:$D,2,FALSE) -> Materiales de Impresion- Fotografia- Reproduccion y Publicaciones | D44: 3882.93 | E44: 0 | F44: 3882.93 | G44: 0 | H44: 0 | I44: 0 | J44: 0 | K44: =+F44-H44 -> 3882.93 | L44: =+F44-H44 -> 3882.93 | M44: =+I44-J44 -> 0 | N44: =+I44/F44 -> 0
A45: 530813 | B45: BIENES Y SERVICIOS DE CONSUMO | C45: =VLOOKUP(A45,Cat!$C:$D,2,FALSE) -> Repuestos y Accesorios | D45: 3941.05 | E45: 17414.95 | F45: 21356 | G45: 15117 | H45: 15054.5 | I45: 7467.7 | J45: 7331.71 | K45: =+F45-H45 -> 6301.5 | L45: =+F45-H45 -> 6301.5 | M45: =+I45-J45 -> 135.99 | N45: =+I45/F45 -> 0.34967691
A46: 531403 | B46: BIENES Y SERVICIOS DE CONSUMO | C46: =VLOOKUP(A46,Cat!$C:$D,2,FALSE) -> Mobiliario | D46: 33 | E46: -33 | F46: 0 | G46: 0 | H46: 0 | I46: 0 | J46: 0 | K46: =+F46-H46 -> 0 | L46: =+F46-H46 -> 0 | M46: =+I46-J46 -> 0 | N46: 0
A47: 531404 | B47: BIENES Y SERVICIOS DE CONSUMO | C47: =VLOOKUP(A47,Cat!$C:$D,2,FALSE) -> Maquinarias y Equipos | D47: 140 | E47: -140 | F47: 0 | G47: 0 | H47: 0 | I47: 0 | J47: 0 | K47: =+F47-H47 -> 0 | L47: =+F47-H47 -> 0 | M47: =+I47-J47 -> 0 | N47: 0
A48: 570102 | B48: OTROS GASTOS CORRIENTES | C48: =VLOOKUP(A48,Cat!$C:$D,2,FALSE) -> Tasas Generales- Impuestos- Contribuciones- Permisos- Licencias y Patentes | D48: 21516.37 | E48: 7792.95 | F48: 29309.32 | G48: 9808.2 | H48: 9278.83 | I48: 5778.83 | J48: 5778.83 | K48: =+F48-H48 -> 20030.49 | L48: =+F48-H48 -> 20030.49 | M48: =+I48-J48 -> 0 | N48: 0
A49: 570201 | B49: OTROS GASTOS CORRIENTES | C49: =VLOOKUP(A49,Cat!$C:$D,2,FALSE) -> Seguros | D49: 54173.53 | E49: -24511.08 | F49: 29662.45 | G49: 29662.45 | H49: 29662.45 | I49: 29662.45 | J49: 29662.45 | K49: =+F49-H49 -> 0 | L49: =+F49-H49 -> 0 | M49: =+I49-J49 -> 0 | N49: =+I49/F49 -> 1
A50: 570203 | B50: OTROS GASTOS CORRIENTES | C50: =VLOOKUP(A50,Cat!$C:$D,2,FALSE) -> Comisiones Bancarias | D50: 500 | E50: 270 | F50: 770 | G50: 503.54 | H50: 166.24 | I50: 166.24 | J50: 166.24 | K50: =+F50-H50 -> 603.76 | L50: =+F50-H50 -> 603.76 | M50: =+I50-J50 -> 0 | N50: =+I50/F50 -> 0.2158961
A51: 570206 | B51: OTROS GASTOS CORRIENTES | C51: =VLOOKUP(A51,Cat!$C:$D,2,FALSE) -> Costas Judiciales Tramites Notariales Legalizacion de Documentos y Arreglos Extrajudiciales | D51: 5579.58 | E51: -579.58 | F51: 5000 | G51: 1034.05 | H51: 34.05 | I51: 34.05 | J51: 34.05 | K51: =+F51-H51 -> 4965.95 | L51: =+F51-H51 -> 4965.95 | M51: =+I51-J51 -> 0 | N51: =+I51/F51 -> 0.00681
A52: 570215 | B52: OTROS GASTOS CORRIENTES | C52: =VLOOKUP(A52,Cat!$C:$D,2,FALSE) -> Indemnizaciones por Sentencias Judiciales | D52: 0 | E52: 381081.09 | F52: 381081.09 | G52: 381081.09 | H52: 381081.09 | I52: 381081.09 | J52: 0 | K52: =+F52-H52 -> 0 | L52: =+F52-H52 -> 0 | M52: =+I52-J52 -> 381081.09 | N52: =+I52/F52 -> 1
A53: 580101 | B53: TRANSFERENCIAS Y DONACIONES CORRIENTES | C53: =VLOOKUP(A53,Cat!$C:$D,2,FALSE) -> A Entidades del Presupuesto General del Estado | D53: 169849.08 | E53: -137721.36 | F53: 32127.72 | G53: 11586.77 | H53: 5347.74 | I53: 4456.45 | J53: 4456.45 | K53: =+F53-H53 -> 26779.98 | L53: =+F53-H53 -> 26779.98 | M53: =+I53-J53 -> 0 | N53: =+I53/F53 -> 0.13871043
A54: 630207 | B54: BIENES Y SERVICIOS PARA PRODUCCIÓN | C54: =VLOOKUP(A54,Cat!$C:$D,2,FALSE) -> Difusion e Informacion | D54: 0 | E54: 16084.9 | F54: 16084.9 | G54: 0 | H54: 0 | I54: 0 | J54: 0 | K54: =+F54-H54 -> 16084.9 | L54: =+F54-H54 -> 16084.9 | M54: =+I54-J54 -> 0 | N54: =+I54/F54 -> 0
A55: 630401 | B55: BIENES Y SERVICIOS PARA PRODUCCIÓN | C55: =VLOOKUP(A55,Cat!$C:$D,2,FALSE) -> Terrenos | D55: 16084.9 | E55: -16084.9 | F55: 0 | G55: 0 | H55: 0 | I55: 0 | J55: 0 | K55: =+F55-H55 -> 0 | L55: =+F55-H55 -> 0 | M55: =+I55-J55 -> 0 | N55: 0
A56: 630402 | B56: BIENES Y SERVICIOS PARA PRODUCCIÓN | C56: =VLOOKUP(A56,Cat!$C:$D,2,FALSE) -> Edificios Locales Residencias y Cableado Estructurado (Instalacion Mantenimiento y Reparacion) | D56: 98700 | E56: -80890 | F56: 17810 | G56: 0 | H56: 0 | I56: 0 | J56: 0 | K56: =+F56-H56 -> 17810 | L56: =+F56-H56 -> 17810 | M56: =+I56-J56 -> 0 | N56: 0
A57: 630417 | B57: BIENES Y SERVICIOS PARA PRODUCCIÓN | C57: =VLOOKUP(A57,Cat!$C:$D,2,FALSE) -> Infraestructura | D57: 79050173 | E57: 4326775.4 | F57: 83376949 | G57: 54079596 | H57: 50071193 | I57: 35536143 | J57: 35104352 | K57: =+F57-H57 -> 33305756 | L57: =+F57-H57 -> 33305756 | M57: =+I57-J57 -> 431791.1 | N57: =+I57/F57 -> 0.42621065
A58: 630601 | B58: BIENES Y SERVICIOS PARA PRODUCCIÓN | C58: =VLOOKUP(A58,Cat!$C:$D,2,FALSE) -> Consultoria Asesoria e Investigacion Especializada | D58: 499380 | E58: 49215.74 | F58: 548595.74 | G58: 173675.7 | H58: 173675.7 | I58: 173675.7 | J58: 173675.7 | K58: =+F58-H58 -> 374920.04 | L58: =+F58-H58 -> 374920.04 | M58: =+I58-J58 -> 0 | N58: =+I58/F58 -> 0.3165823
A59: 630604 | B59: BIENES Y SERVICIOS PARA PRODUCCIÓN | C59: =VLOOKUP(A59,Cat!$C:$D,2,FALSE) -> Fiscalizacion e Inspecciones Tecnicas | D59: 3190906.9 | E59: -477593.87 | F59: 2713313.1 | G59: 90760.7 | H59: 90760.7 | I59: 63772.55 | J59: 63539.61 | K59: =+F59-H59 -> 2622552.4 | L59: =+F59-H59 -> 2622552.4 | M59: =+I59-J59 -> 232.94 | N59: =+I59/F59 -> 0.023503573
A60: 630605 | B60: BIENES Y SERVICIOS PARA PRODUCCIÓN | C60: =VLOOKUP(A60,Cat!$C:$D,2,FALSE) -> Estudio y Diseno de Proyectos | D60: 22470 | E60: -11495.11 | F60: 10974.89 | G60: 5155.28 | H60: 5153.91 | I60: 5153.91 | J60: 5153.91 | K60: =+F60-H60 -> 5820.98 | L60: =+F60-H60 -> 5820.98 | M60: =+I60-J60 -> 0 | N60: =+I60/F60 -> 0.46960926
A61: 630606 | B61: BIENES Y SERVICIOS PARA PRODUCCIÓN | C61: =VLOOKUP(A61,Cat!$C:$D,2,FALSE) -> Honorarios por Contratos Civiles de Servicios | D61: 1279556.1 | E61: -48787.66 | F61: 1230768.4 | G61: 354907.09 | H61: 300668.73 | I61: 194080.03 | J61: 191484.24 | K61: =+F61-H61 -> 930099.66 | L61: =+F61-H61 -> 930099.66 | M61: =+I61-J61 -> 2595.79 | N61: =+I61/F61 -> 0.15769013
A62: 631515 | B62: BIENES Y SERVICIOS PARA PRODUCCIÓN | C62: =VLOOKUP(A62,Cat!$C:$D,2,FALSE) -> Plantas | D62: 1000 | E62: -1000 | F62: 0 | G62: 0 | H62: 0 | I62: 0 | J62: 0 | K62: =+F62-H62 -> 0 | L62: =+F62-H62 -> 0 | M62: =+I62-J62 -> 0 | N62: 0
A63: 670199 | B63: OTROS EGRESOS DE PRODUCCIÓN | C63: =VLOOKUP(A63,Cat!$C:$D,2,FALSE) -> Otros Impuestos Tasas y Contribuciones | D63: 4572640.5 | E63: 8007.86 | F63: 4580648.3 | G63: 183381.34 | H63: 119422.9 | I63: 74328.34 | J63: 74328.34 | K63: =+F63-H63 -> 4461225.4 | L63: =+F63-H63 -> 4461225.4 | M63: =+I63-J63 -> 0 | N63: =+I63/F63 -> 0.016226598
A64: 840103 | B64: BIENES DE LARGA DURACIÓN | C64: =VLOOKUP(A64,Cat!$C:$D,2,FALSE) -> Mobiliarios | D64: 3500 | E64: 540.92 | F64: 4040.92 | G64: 2040.92 | H64: 2040.92 | I64: 2040.92 | J64: 2040.92 | K64: =+F64-H64 -> 2000 | L64: =+F64-H64 -> 2000 | M64: =+I64-J64 -> 0 | N64: =+I64/F64 -> 0.5050632
A65: 840107 | B65: BIENES DE LARGA DURACIÓN | C65: =VLOOKUP(A65,Cat!$C:$D,2,FALSE) -> Equipos Sistemas y Paquetes Informaticos | D65: 423134.6 | E65: 143700 | F65: 566834.6 | G65: 0 | H65: 0 | I65: 0 | J65: 0 | K65: =+F65-H65 -> 566834.6 | L65: =+F65-H65 -> 566834.6 | M65: =+I65-J65 -> 0 | N65: =+I65/F65 -> 0
A66: 970101 | B66: PASIVO CIRCULANTE | C66: =VLOOKUP(A66,Cat!$C:$D,2,FALSE) -> De Cuentas por Pagar | D66: 6276764.5 | E66: -4288299 | F66: 1988465.5 | G66: 82128.49 | H66: 82128.49 | I66: 82128.49 | J66: 82128.49 | K66: =+F66-H66 -> 1906337 | L66: =+F66-H66 -> 1906337 | M66: =+I66-J66 -> 0 | N66: =+I66/F66 -> 0.041302447
A67: 980201 | B67: OBLIGACIONES POR VENTAS ANTICIPADAS | C67: =VLOOKUP(A67,Cat!$C:$D,2,FALSE) -> OBLIGACIONES POR CONVENIOS DE COOPERACION INTERINSTITUCIONAL | D67: 335028.04 | E67: 72.24 | F67: 335100.28 | G67: 335100.28 | H67: 335100.28 | I67: 72.24 | J67: 72.24 | K67: =+F67-H67 -> 0 | L67: =+F67-H67 -> 0 | M67: =+I67-J67 -> 0 | N67: =+I67/F67 -> 0.00021557726

Sheet Metadatos
A1: Fecha actualizacion de la informacion | B1: 45930
A2: Periodicidad de actualizacion de la informacion | B2: Mensual
A3: Unidad poseedora de la informacion | B3: COORDINACIÓN GENERAL ADMINISTRATIVA FINANCIERA
A4: Persona responsable de la unidad poseedora de la informacion | B4: MGS. ROBERTO EDUARDO VARGAS ZAMBRANO
A5: Correo electronico de la persona responsable de la unidad poseedora de la informacion | B5: rvargas@viviendaydesarrollourbano.gob.ec
A6: Numero telefonico de la persona responsable de la unidad poseedora de la informacion | B6: 023732900 Ext. 9131
A7: Licencia | B7: CC-BY-4.0

Sheet Diccionario
A1: Institucion | B1: EMPRESA PÚBLICA DE VIVIENDA Y DESARROLLO URBANO
A2: Descripcion | B2: 99857428
A3: Nombre del campo | B3: Descripcion de campo
A4: Cuenta | B4: Codigo identificador asignado a la categoria; descripcion o partida presupuestaria
A5: Categoria | B5: Categoria a la que pertenece el elemento presupuestario
A6: Descripcion | B6: Descripcion del elemento presupuestario
A7: Asignado | B7: Monto inicialmente asignado al elemento presupuestario
A8: Modificado | B8: Monto modificado o ajustado posteriormente al elemento presupuestario
A9: Codificado | B9: Monto codificado o asignado especificamente al elemento presupuestario
A10: Monto certificado | B10: Monto certificado o aprobado para el elemento presupuestario
A11: Comprometido | B11: Monto comprometido o reservado para el elemento presupuestario
A12: Devengado | B12: Monto devengado o registrado como gasto efectuado en relacion al elemento presupuestario
A13: Pagado | B13: Monto pagado o desembolsado hasta la fecha en relacion al elemento presupuestario
A14: Saldo por comprometer | B14: Saldo restante por comprometer o reservar para el elemento presupuestario
... A17: Porcentaje de ejecucion | B17: Porcentaje de ejecucion o avance del gasto en relacion al monto total asignado al elemento presupuestario

Sheet Cat
A1: DENOMINACION | B1: LONGITUD | C1: CUENTA | D1: DESCRIPCION | E1: PRECEDENTE
A2: Ingresos | B2: 1 | C2: 1 | D2: INGRESOS CORRIENTES | E2: 0
A3: Ingresos | B3: 2 | C3: 11 | D3: IMPUESTOS | E3: 1
A4: Ingresos | B4: 4 | C4: 1101 | D4: Sobre la Renta Utilidades y Ganancias de Capital | E4: 11
A5: Ingresos | B5: 6 | C5: 110101 | D5: A la Renta Global | E5: 1101
A6: Ingresos | B6: 6 | C6: 110102 | D6: A la Utilidad por la Venta de Predios Urbanos y Plusvalia | E6: 1101
A7: Ingresos | B7: 6 | C7: 110103 | D7: A la Utilidad por la Venta de Predios Rurales | E7: 1101
A8: Ingresos | B8: 6 | C8: 110104 | D8: A los Juegos de Azar | E8: 1101
A9: Ingresos | B9: 6 | C9: 110105 | D9: A la Renta de Empresas Petroleras | E9: 1101
A10: Ingresos | B10: 6 | C10: 110106 | D10: Sobre las Utilidades | E10: 1101
A11: Ingresos | B11: 6 | C11: 110199 | D11: A Otras Rentas Utilidades y Beneficios del Capital | E11: 1101
A12: Ingresos | B12: 4 | C12: 1102 | D12: Sobre la Propiedad | E12: 11
A13: Ingresos | B13: 6 | C13: 110201 | D13: A los Predios Urbanos | E13: 1102
A14: Ingresos | B14: 6 | C14: 110202 | D14: A los Predios Rurales | E14: 1102
... A449: Ingresos | B449: 6 | C449: 190499 | D449: Otros no Especificados | E449: 1904
A450: Ingresos | B450: 1 | C450: 2 | D450: INGRESOS DE CAPITAL | E450: 0
A451: Ingresos | B451: 2 | C451: 24 | D451: VENTA DE ACTIVOS NO FINANCIEROS | E451: 2
A452: Ingresos | B452: 4 | C452: 2401 | D452: Bienes Muebles | E452: 24
A453: Ingresos | B453: 6 | C453: 240103 | D453: Mobiliario | E453: 2401
A454: Ingresos | B454: 6 | C454: 240104 | D454: Maquinarias y Equipos | E454: 2401
A455: Ingresos | B455: 6 | C455: 240105 | D455: Vehiculos | E455: 2401
A456: Ingresos | B456: 6 | C456: 240106 | D456: Herramientas | E456: 2401
A457: Ingresos | B457: 6 | C457: 240107 | D457: Equipos Sistemas y Paquetes Informaticos | E457: 2401
A458: Ingresos | B458: 6 | C458: 240108 | D458: Bienes Artisticos y Culturales | E458: 2401
A459: Ingresos | B459: 6 | C459: 240109 | D459: Libros y Colecciones | E459: 2401
A460: Ingresos | B460: 6 | C460: 240110 | D460: Ganancias por Tenencia de Bienes Muebles | E460: 2401
A461: Ingresos | B461: 4 | C461: 2402 | D461: Bienes Inmuebles | E461: 24
A462: Ingresos | B462: 6 | C462: 240201 | D462: Terrenos | E462: 2402
... A762: Ingresos | B762: 6 | C762: 281301 | D762: Participaciones sobre Ajustes Soberanos a los Contratos de Explotacion Minera | E762: 2813
A763: Ingresos | B763: 1 | C763: 3 | D763: INGRESOS DE FINANCIAMIENTO | E763: 0
A764: Ingresos | B764: 2 | C764: 36 | D764: FINANCIAMIENTO PUBLICO | E764: 3
A765: Ingresos | B765: 4 | C765: 3601 | D765: Colocacion de Titulos Valores | E765: 36
A766: Ingresos | B766: 6 | C766: 360101 | D766: Certificados del Tesoro Nacional | E766: 3601
A767: Ingresos | B767: 6 | C767: 360102 | D767: Bonos del Estado colocados en el Mercado Nacional | E767: 3601
A768: Ingresos | B768: 6 | C768: 360103 | D768: Bonos del Estado colocados en el Mercado Internacional | E768: 3601
A769: Ingresos | B769: 6 | C769: 360198 | D769: Otros Titulos | E769: 3601
A770: Ingresos | B770: 6 | C770: 360199 | D770: Otros Valores | E770: 3601
A771: Ingresos | B771: 4 | C771: 3602 | D771: Financiamiento Publico Interno | E771: 36
A772: Ingresos | B772: 6 | C772: 360201 | D772: Del Sector Publico Financiero | E772: 3602
A773: Ingresos | B773: 6 | C773: 360202 | D773: Del Sector Publico no Financiero | E773: 3602
A774: Ingresos | B774: 6 | C774: 360203 | D774: Del Sector Privado Financiero | E774: 3602
A775: Ingresos | B775: 6 | C775: 360204 | D775: Del Sector Privado no Financiero | E775: 3602
... A816: Ingresos | B816: 6 | C816: 390201 | D816: Por Convenios de Cooperacion Interinstitucional | E816: 3902
A817: Gastos | B817: 1 | C817: 5 | D817: EGRESOS CORRIENTES | E817: 0
A818: Gastos | B818: 2 | C818: 51 | D818: EGRESOS EN PERSONAL | E818: 5
A819: Gastos | B819: 4 | C819: 5101 | D819: Remuneraciones Basicas | E819: 51
A820: Gastos | B820: 6 | C820: 510101 | D820: Sueldos | E820: 5101
A821: Gastos | B821: 6 | C821: 510102 | D821: Salarios | E821: 5101
A822: Gastos | B822: 6 | C822: 510103 | D822: Jornales | E822: 5101
A823: Gastos | B823: 6 | C823: 510105 | D823: Remuneraciones Unificadas | E823: 5101
A824: Gastos | B824: 6 | C824: 510106 | D824: Salarios Unificados | E824: 5101
A825: Gastos | B825: 6 | C825: 510107 | D825: Haber Militar y Policial | E825: 5101
A826: Gastos | B826: 6 | C826: 510108 | D826: Remuneracion Mensual Unificada de Docentes del Magisterio y Docentes e Investigadores Universitarios | E826: 5101
A827: Gastos | B827: 6 | C827: 510109 | D827: Remuneracion Mensual Unificada para Pasantes | E827: 5101
A828: Gastos | B828: 6 | C828: 510110 | D828: Remuneracion Mensual Unificada en el Exterior | E828: 5101
A829: Gastos | B829: 4 | C829: 5102 | D829: Remuneraciones Complementarias | E829: 51
... A1386: Gastos | B1386: 6 | C1386: 590101 | D1386: Asignaciones a Distribuir | E1386: 5901
A1387: Gastos | B1387: 1 | C1387: 6 | D1387: EGRESOS DE PRODUCCIÓN | E1387: 0
A1388: Gastos | B1388: 2 | C1388: 61 | D1388: EGRESOS EN PERSONAL PARA LA PRODUCCION | E1388: 6
A1389: Gastos | B1389: 4 | C1389: 6101 | D1389: Remuneraciones Basicas | E1389: 61
A1390: Gastos | B1390: 6 | C1390: 610101 | D1390: Sueldos | E1390: 6101
A1391: Gastos | B1391: 6 | C1391: 610102 | D1391: Salarios | E1391: 6101
A1392: Gastos | B1392: 6 | C1392: 610103 | D1392: Jornales | E1392: 6101
A1393: Gastos | B1393: 6 | C1393: 610105 | D1393: Remuneraciones Unificadas | E1393: 6101
A1394: Gastos | B1394: 6 | C1394: 610106 | D1394: Salarios Unificados | E1394: 6101
A1395: Gastos | B1395: 6 | C1395: 610108 | D1395: Remuneracion Mensual Unificada de Docentes del magisterio y Docentes e Investigadores Universitarios | E1395: 6101
A1396: Gastos | B1396: 6 | C1396: 610109 | D1396: Remuneracion Mensual Unificada para Pasantes | E1396: 6101
A1397: Gastos | B1397: 4 | C1397: 6102 | D1397: Remuneraciones Complementarias | E1397: 61
A1398: Gastos | B1398: 6 | C1398: 610201 | D1398: Bonificacion por Anios de Servicio | E1398: 6102
A1399: Gastos | B1399: 6 | C1399: 610203 | D1399: Decimotercer Sueldo | E1399: 6102
... A1661: Gastos | B1661: 6 | C1661: 679901 | D1661: Asignacion a Distribuir para Otros Egresos de Produccion | E1661: 6799
A1662: Gastos | B1662: 1 | C1662: 7 | D1662: EGRESOS DE INVERSIÓN | E1662: 0
A1663: Gastos | B1663: 2 | C1663: 71 | D1663: EGRESOS EN PERSONAL PARA INVERSION | E1663: 7
A1664: Gastos | B1664: 4 | C1664: 7101 | D1664: Remuneraciones Basicas | E1664: 71
A1665: Gastos | B1665: 6 | C1665: 710101 | D1665: Sueldos | E1665: 7101
A1666: Gastos | B1666: 6 | C1666: 710102 | D1666: Salarios | E1666: 7101
A1667: Gastos | B1667: 6 | C1667: 710103 | D1667: Jornales | E1667: 7101
A1668: Gastos | B1668: 6 | C1668: 710105 | D1668: Remuneraciones Unificadas | E1668: 7101
A1669: Gastos | B1669: 6 | C1669: 710106 | D1669: Salarios Unificados | E1669: 7101
A1670: Gastos | B1670: 6 | C1670: 710108 | D1670: Remuneracion Mensual Unificada de de Docentes del Magisterio y Docentes e Investigadores Universitarios | E1670: 7101
A1671: Gastos | B1671: 6 | C1671: 710109 | D1671: Remuneracion Mensual Unificada para Pasantes | E1671: 7101
A1672: Gastos | B1672: 4 | C1672: 7102 | D1672: Remuneraciones Complementarias | E1672: 71
A1673: Gastos | B1673: 6 | C1673: 710201 | D1673: Bonificacion por Anios de Servicio | E1673: 7102
A1674: Gastos | B1674: 6 | C1674: 710203 | D1674: Decimotercer Sueldo | E1674: 7102
... A2096: Gastos | B2096: 6 | C2096: 789901 | D2096: Asignacion a Distribuir para Transferencias y Donaciones de Inversion | E2096: 7899
A2097: Gastos | B2097: 1 | C2097: 8 | D2097: EGRESOS DE CAPITAL | E2097: 0
A2098: Gastos | B2098: 2 | C2098: 84 | D2098: EGRESOS DE CAPITAL | E2098: 8
A2099: Gastos | B2099: 4 | C2099: 8401 | D2099: Bienes Muebles | E2099: 84
A2100: Gastos | B2100: 6 | C2100: 840103 | D2100: Mobiliarios | E2100: 8401
A2101: Gastos | B2101: 6 | C2101: 840104 | D2101: Maquinarias y Equipos | E2101: 8401
A2102: Gastos | B2102: 6 | C2102: 840105 | D2102: Vehiculos | E2102: 8401
A2103: Gastos | B2103: 6 | C2103: 840106 | D2103: Herramientas | E2103: 8401
A2104: Gastos | B2104: 6 | C2104: 840107 | D2104: Equipos Sistemas y Paquetes Informaticos | E2104: 8401
A2105: Gastos | B2105: 6 | C2105: 840108 | D2105: Bienes Artisticos y Culturales | E2105: 8401
A2106: Gastos | B2106: 6 | C2106: 840109 | D2106: Libros y Colecciones | E2106: 8401
A2107: Gastos | B2107: 6 | C2107: 840110 | D2107: Pertrechos para la Defensa y Seguridad Publica | E2107: 8401
A2108: Gastos | B2108: 6 | C2108: 840111 | D2108: Partes y Repuestos | E2108: 8401
A2109: Gastos | B2109: 6 | C2109: 840112 | D2109: Bienes de Seguridad Nacional Estrategica | E2109: 8401
... A2304: Gastos | B2304: 6 | C2304: 889901 | D2304: Asignacion a Distribuir para Transferencias y Donaciones de Capital | E2304: 8899
A2305: Gastos | B2305: 1 | C2305: 9 | D2305: APLICACIÓN DEL FINANCIAMIENTO | E2305: 0
...
